 Dungeon Crawl Stone Soup version 0.30-a0-1160-g6e42c06551 (webtiles) character file.

Game seed: 2912445252422875997

558 IdlyInterested the Trooper (level 7, -3/57 HPs)
             Began as a Demonspawn Gladiator on Apr 26, 2023.
             Slain by an orc
             ... wielding a +0 hand axe
              (6 damage)
             ... on level 5 of the Dungeon.
             The game lasted 00:13:42 (4758 turns).

IdlyInterested the Trooper (Demonspawn Gladiator)   Turns: 4758, Time: 00:13:42

Health: -3/57      AC: 13    Str: 19 (20) XL:     7   Next: 9%
Magic:  0/7        EV:  9    Int: 10      God:
Gold:   146        SH:  0    Dex: 18      Spells: 6/6 levels left

rFire   . . .        a - +0 rapier
rCold   . . .        (no shield)
rNeg    . . .        z - +0 plate armour
rPois   +            w - +1 hat
rElec   .            f - +0 cloak
rCorr   .            (no gloves)
SInv    .            g - +0 pair of boots
Will    +....        k - amulet of guardian spirit Stlth
                     o - +6 ring of strength
HPRegen 0.29/turn    y - ring of poison resistance
MPRegen 0.10/turn

%: random rage (3%), guardian spirit
@: brilliant
A: claws 2, repulsion field 1, agile 1, berserk 1, deterioration 1,
strong-willed 1
a: no special abilities


You were on level 5 of the Dungeon.
You visited 1 branch of the dungeon, and saw 5 of its levels.
You also visited: Sewer.

You collected 314 gold pieces.
You spent 168 gold pieces at shops.

Inventory:

Hand Weapons
 a - a +0 rapier (weapon)
Missiles
 d - 3 throwing nets
 e - 3 javelins
 j - 11 boomerangs (quivered)
 p - 9 atropa-tipped darts
 q - 46 stones
Armour
 b - a +0 leather armour
 c - a +0 helmet
 f - a +0 cloak (worn)
 g - a +0 pair of boots (worn)
 m - a +0 scale mail
 r - a +1 pair of gloves
 w - a +1 hat (worn)
 z - a +0 plate armour (worn)
Magical Staves
 G - a staff of cold
Jewellery
 k - an amulet of guardian spirit (around neck)
 o - a +6 ring of strength (left claw)
 x - a ring of flight
 y - a ring of poison resistance (right claw)
Wands
 C - a wand of mindburst (17)
 L - a wand of polymorph (4)
Scrolls
 h - 2 scrolls of enchant weapon {unknown}
 l - 2 scrolls of poison {unknown}
 s - a scroll of immolation {unknown}
 u - 5 scrolls of identify {unknown}
 v - 2 scrolls of noise {unknown}
 A - a scroll of fog {unknown}
 D - a scroll of summoning {unknown}
 I - 3 scrolls of teleportation
 K - 2 scrolls of vulnerability {unknown}
Potions
 i - a potion of mutation
 B - a potion of invisibility {unknown}
 E - 2 potions of brilliance
 F - a potion of magic {unknown}
 H - 5 potions of flight
 J - a potion of haste {unknown}
 M - a potion of berserk rage {unknown}


   Skills:
 + Level 5.9 Fighting
 - Level 2.6 Short Blades
 - Level 2.0 Throwing
 - Level 1.0 Armour
 - Level 4.0 Dodging
 - Level 1.0 Stealth
 * Level 2.3 Unarmed Combat
 - Level 1.0 Evocations


You had 6 spell levels left.
You didn't know any spells.
Your spell library contained the following spells:

 Spells                   Type           Power      Damage    Failure   Level
 Ignite Poison            Fire/Tmut/Pois 0%         N/A       100%        3
 Sticky Flame             Conj/Fire      0%         2d3       100%        4
 Ignition                 Fire           0%         3d3       100%        8


Dungeon Overview and Level Annotations

Branches:
Dungeon (5/15)              Sewer (visited)
 Temple: D:4-7

Altars:
Wu Jian

Shops:
D:4 *


Innate Abilities, Weirdness & Mutations

You have very sharp fingernails.
You are surrounded by a mild repulsion field. (EV +2)
You are agile. (Dex +4, Str/Int -1)
You sometimes lose your temper in combat.
Your body sometimes deteriorates upon taking damage.
You are strong-willed. (Will+)


Message History

The orc priest is severely wounded.
The orc hits you with a +0 hand axe. Something hits you but does no damage.
You are poisoned.
The orc hits you with a +0 hand axe. The orc priest closely misses you.
You hit the orc priest.
The orc priest is almost dead.
You feel very sick. The orc hits you with a +0 hand axe. Something hits you.
The orc barely misses you.
The orc priest hits you but does no damage.
You hit the orc priest.
The orc priest is almost dead.
You feel sick. The orc hits you but does no damage.
Something hits you but does no damage. The orc hits you but does no damage.
The orc priest invokes the aid of Beogh against you.
Beogh smites you!
* * * LOW HITPOINT WARNING * * *
You closely miss the orc priest.
The orc priest is almost dead.
You feel sick. The orc hits you but does no damage.
Something hits you but does no damage.
You are lethally poisoned!
The orc barely misses you.
The orc priest hits you but does no damage.
It was a potion of brilliance.
You feel clever all of a sudden.
* * * LOW HITPOINT WARNING * * *
You feel very sick. The orc hits you but does no damage.
Something hits you but does no damage. The orc barely misses you.
The orc priest barely misses you.
It was a potion of curing.
You feel better. The orc completely misses you. Something hits you.
* * * LOW HITPOINT WARNING * * *
The orc hits you with a +0 hand axe.
* * * LOW HITPOINT WARNING * * *
The orc priest barely misses you.
You hit the orc priest.
You kill the orc priest!
The orc hits you but does no damage. The orc hits you with a +0 hand axe.
You die...

..... .. ##.#. .....
#.. #....... ##.#.
#.... #.# #...... #....
#.). #.###.....# #
.....
#...####........##.#
#....
#..#...#.........#.
#.#..
#.....##........... #.#
##........{).....# ..
...........<..o@o..).#
..
#...................##
. .
###.................# .
#..................# #.
#..................# ..
......................
.................(.....
...............#...
.............###.


You could see 2 orcs.

Vanquished Creatures
  An ogre (D:5)
  2 jellies (D:5)
  A hound (D:4)
  An orc priest (D:5)
  A sickly merfolk siren (Sewer)
  An iguana (D:4)
  2 orc wizards (D:5)
  A malarious merfolk avatar (Sewer)
  3 gnolls (D:5)
  7 adders
  5 river rats
  A worm (D:3)
  A dart slug (D:3)
  5 orcs
  11 endoplasms
  2 giant cockroaches (D:1)
  8 goblins
  2 hobgoblins (D:2)
  9 kobolds
  10 quokkas
  16 ball pythons
  13 bats
  7 frilled lizards
  32 rats
142 creatures vanquished.

Notes
Turn   | Place    | Note
-------+----------+-------------------------------------------
     0 | D:1      | IdlyInterested the Demonspawn Gladiator began the quest for
                  | the Orb.
     0 | D:1      | Reached XP level 1. HP: 16/16 MP: 1/1
   171 | D:1      | Gained mutation: You have sharp fingernails. [demonic
                  | ancestry]
   171 | D:1      | Reached XP level 2. HP: 23/23 MP: 2/2
   677 | D:1      | Reached skill level 3 in Fighting
  1018 | D:2      | Reached XP level 3. HP: 27/29 MP: 3/3
  1060 | D:2      | Reached skill level 1 in Unarmed Combat
  1826 | D:3      | Gained mutation: You are surrounded by a mild repulsion
                  | field. (EV +2) [demonic ancestry]
  1826 | D:3      | Reached XP level 4. HP: 28/35 MP: 2/4
  2682 | D:4      | Reached skill level 4 in Fighting
  2877 | D:4      | Found Winnava's Assorted Antiques.
  2888 | D:4      | Bought 2 glowing dark potions for 52 gold pieces
  3042 | D:4      | Reached XP level 5. HP: 17/43 MP: 3/5
  3238 | D:4      | Reached skill level 1 in Evocations
  3244 | D:4      | Found an ornate altar of the Wu Jian Council.
  3527 | D:4      | Bought a tapered silver wand for 116 gold pieces
  3546 | D:5      | Entered Level 5 of the Dungeon
  3569 | D:5      | Found a glowing drain.
  3624 | D:5      | Gained mutation: You sometimes lose your temper in combat.
                  | [potion of mutation]
  3624 | D:5      | Gained mutation: Your body sometimes deteriorates upon
                  | taking damage. [potion of mutation]
  3624 | D:5      | Gained mutation: You are agile. (Dex +4, Str/Int -1)
                  | [potion of mutation]
  3624 | D:5      | Gained mutation: You are strong-willed. (Will+) [potion of
                  | mutation]
  3637 | D:5      | Reached skill level 5 in Fighting
  3637 | D:5      | Reached skill level 1 in Stealth
  3646 | D:5      | Reached XP level 6. HP: 51/51 MP: 2/6
  3649 | D:5      | Reached skill level 1 in Armour
  3656 | Sewer    | Entered a sewer
  4563 | D:5      | Gained mutation: You have very sharp fingernails. [demonic
                  | ancestry]
  4563 | D:5      | Reached XP level 7. HP: 11/57 MP: 2/7
  4758 | D:5      | Slain by an orc

Illustrated notes

Levels and vault maps discovered:
D:1:      matt_arrival_los_fun, layout_rooms, serial_co_window_serial,
          co_window_of_opportunity_a, co_window_corner_a, co_window_corner_a,
          co_window_paths_a, co_window_of_opportunity_a, co_window_corner_a,
          co_window_corner_a, co_window_paths_a, co_window_of_opportunity_a,
          co_window_unsneaky_path_d, co_window_2corner, co_window_cross_2,
          co_window_broadway_a
D:2:      layout_rooms
D:3:      layout_basic
D:4:      layout_cave_pools, nicolae_wu_jian_wuxing_cycle, serial_shops, shop
D:5:      layout_cave_pools, portal_sewer_entry_a

Skill      XL: |  1  2  3  4  5  6 |
---------------+-------------------+-----
Dodging        | 3 4 |  4.0
Fighting       | 3 4 5 |  5.9
Unarmed Combat | 1 2 |  2.3
Throwing       | 2 |  2.0
Evocations     | 1 |  1.0
Stealth        | 1 |  1.0
Armour         | 1 |  1.0
Short Blades   | |  2.6

Action                     |  1- 3 |  4- 6 |  7- 9 || total
---------------------------+-------+-------+-------++-------
  Melee: Rapier            |   151 |   392 |    17 ||   560
         Punch             |     2 |     3 |     1 ||     6
  Throw: Throwing net      |       |     1 |       ||     1
    Use: Potion            |       |     2 |     3 ||     5
   Stab: Held in net/web   |       |     2 |       ||     2
 Armour: Leather armour    |    22 |       |       ||    22
         Scale mail        |    78 |    21 |       ||    99
         Plate armour      |       |   263 |    18 ||   281
  Dodge: Dodged            |   113 |   217 |    11 ||   341

Table legend: (Time is in decaauts)
 A = Elapsed time spent in this place.
 B = Non-inter-level travel time spent in this place.
 C = Inter-level travel time spent in this place.
 D = Time resting spent in this place.
 E = Time spent auto-exploring this place.
 F = Levels seen in this place.
 G = Mean time per level.
                   A        B        C        D        E       F      G
               +--------+--------+--------+--------+--------+-----+--------+
         Total |   4871 |   4439 |    432 |    742 |   2107 |   6 |  811.8 |
       Dungeon |   4050 |   3618 |    432 |    453 |   1944 |   5 |  810.0 |
         Sewer |    820 |    820 |      0 |    289 |    163 |   1 |  820.0 |
               +--------+--------+--------+--------+--------+-----+--------+

Top non-repeatable levels by time:
     D:1: 1092 daAuts
     D:3: 1087 daAuts
     D:4: 841 daAuts
   Sewer: 820 daAuts
     D:2: 567 daAuts
     D:5: 461 daAuts
